[Event "Bangabandhu Premier Div League 2022"]
[Site "Dhaka"]
[Date "2022.11.30"]
[Round "1.15"]
[White "Rakhmanov, Aleksandr"]
[Black "Abdul, Momin"]
[Result "1-0"]
[ECO "D35"]
[WhiteElo "2630"]
[BlackElo "1900"]
[Annotator "TA"]
[PlyCount "201"]
[EventDate "2022.11.30"]
[EventType "team-tourn"]
[EventCountry "BAN"]
[SourceTitle "playchess.com"]
[Source "ChessBase"]
[SourceQuality "1"]
[TimeControl "40/5400+30:1800+30"]

1. d4 d5 2. c4 e6 3. Nc3 Nf6 4. cxd5 exd5 5. Bg5 Be7 6. e3 Nbd7 7. Bd3 Nb8 8. Bf1 Nbd7 9. Bd3 O-O {9...Nf8 is setting a new trend.} 10. Nf3 c5 11. O-O Re8 {D35: Queen's Gambit Declined: Exchange Variation.} (11... b6 $11) 12. h3 $5 {[%emt 0:00:00][%mdl 4] White has more active pieces. The black rooks are badly placed. Exploring less charted territory.} (12. Bb5 $16) 12... c4 13. Bc2 a6 {White has an edge.} 14. a4 {[%emt 0:00:00] [#] Prevents b5.} (14. Ne5 {with more complications.} b5 15. Nxd7 Bxd7 16. Bxf6 Bxf6 17. Qh5) 14... Qc7 $146 {Inhibits Ne5.} ({Predecessor:} 14... Qa5 15. Qe2 Bb4 16. Na2 Bd6 17. Nc3 Qc7 18. Bh4 b6 19. Nd2 Bb7 20. Qf3 Bc6 21. e4 dxe4 22. Ndxe4 Nxe4 23. Bxe4 Bxe4 24. Nxe4 {0-1 (54) Olivier,T (1760)-Ramasindraibe,G (1982) St Denis 2012}) 15. Nh4 h6 16. Bf4 Bd6 17. Bg5 Be7 $2 (17... hxg5 $19 18. Nf3 Nf8 19. Nxg5 Ne6 20. Nxe6 Bxe6) 18. Bf4 $16 Bd6 19. Bg5 $2 Be7 $2 (19... hxg5 $19 20. Nf5 Bf8) 20. Bf4 $14 Bd6 21. Bg5 $2 Be7 $2 (21... hxg5 $19 22. Nf3 Nf8 23. Nxg5 Ne6) 22. Bf4 Bd6 23. Bg5 $2 Be7 $2 (23... hxg5 $19 24. Nf3 Nf8 25. Nxg5 Ne6 26. Nxe6 Bxe6) 24. Bf4 Bd6 25. Bg5 $2 Be7 $2 (25... hxg5 $19 26. Nf3 Nf8 27. Nxg5 Ne6 28. Nxe6 Bxe6) 26. Bf4 Bd6 27. Bxd6 Qxd6 28. Nf5 Qc7 (28... Qc6 $14) 29. Nh4 (29. Qf3 $1 $16) 29... Qd6 30. Nf5 (30. Re1 $14) 30... Qc7 $1 $16 31. Nh4 (31. Qf3 $1 $16) 31... Qd6 $14 32. Nf5 (32. Rb1 $14) 32... Qc7 $1 $16 33. Nh4 (33. Qf3 $1 $16) 33... Qd6 $14 34. Nf5 (34. Rb1 $14) 34... Qc7 $16 {[#]} 35. Qf3 $1 Qd6 $2 (35... Rb8 $16 36. Nxd5 Nxd5) 36. Qd1 $2 (36. Nxd6 $18 {is the precise move to win.} Re6 37. Nf5) 36... Qc7 37. Qf3 $2 (37. Ng3 $16) 37... Qd6 $1 $18 38. Qd1 $2 (38. Nxd6 $18 Re6 39. Nf5) 38... Qc7 $14 39. Qf3 $2 (39. Ng3 $14) 39... Qd6 $1 $18 40. Qd1 $2 (40. Nxd6 $18 Re6 41. Nf5) 40... Qc7 $14 41. Qf3 $2 (41. Ng3 $14) 41... Qd6 $1 $18 42. Qd1 $2 ({Only move:} 42. Nxd6 $18 Re6 43. Nf5) 42... Qc7 $1 $14 43. Qf3 ({White should try} 43. a5 $14) 43... Qc6 $2 (43... Qd6 $1 $11) 44. Qg3 $18 Nh5 {[%emt 0:00:00] [#]} 45. Qd6 ({Less strong is} 45. Qg4 Ndf6 46. Qf3 (46. Nxh6+ Kf8 $11) 46... Bxf5 47. Bxf5 g6 $14) 45... Nhf6 46. Qg3 (46. Ne7+ $18 Rxe7 47. Qxe7) 46... Nh5 $14 47. Qd6 $40 {[%emt 0:00:00][%mdl 128] White mounts an attack.} (47. Qh2 $1 $14) 47... Nhf6 $1 $18 48. Qg3 $2 (48. Ne7+ $18 Rxe7 49. Qxe7) 48... Nh5 $14 49. Qd6 (49. Qh2 $14) 49... Nhf6 $1 $18 50. Qg3 $2 ({Better is} 50. Ne7+ $18 Rxe7 51. Qxe7) 50... Nh5 $14 51. Qd6 (51. Qh2 $1 $14) 51... Nhf6 $1 $18 52. Qg3 $2 (52. Ne7+ $18 Rxe7 53. Qxe7) 52... Nh5 $14 53. Qd6 Qxd6 (53... Nhf6 $1 $11 {and Black is okay.}) 54. Nxd6 $18 Rd8 (54... Re6 $142) 55. Nf5 $2 (55. Nxd5 $18 {is more deadly.} Kf8 56. Nxc4) 55... Re8 (55... Nb6 $16 {was worth a try.}) 56. Nd6 Rd8 57. Nxd5 Kf8 58. Nc3 Kg8 (58... Nb6 {might work better.}) 59. Nd5 Kf8 $1 60. Nxc4 Rb8 61. Ndb6 Ra8 $2 (61... Nhf6 62. Rfc1 Nxb6 63. Nxb6 Be6) 62. Nd5 $2 (62. Nxa8 Nb8 63. Nab6) 62... Rb8 $1 63. Ncb6 Nxb6 64. Nxb6 Be6 65. Nd5 $4 Bc8 $4 (65... Bxd5 $19 {avoids the disaster.} 66. Rfc1 Nf6) 66. Nb6 Be6 67. a5 f5 68. Rfc1 Nf6 69. Bd3 Nh5 70. Bc2 Nf6 71. Bd3 {[%emt 0:00:00] Against f4} Nh5 $1 72. Bc2 Nf6 73. Bd3 {[%emt 0:00:00] Prevents f4.} Nh5 $1 74. Bc2 Nf6 75. Bd3 $2 {[%emt 0:00:00] Against f4} (75. b4 $18) 75... f4 $2 (75... Nh5 $1 $11 76. Rc5 g6) 76. Rc7 ({Not} 76. exf4 Rxd4 77. Bc4 Re8 78. Bxe6 Rxe6 $18) 76... fxe3 77. fxe3 Nd5 78. Nxd5 Bxd5 79. Bh7 {[%emt 0:00:00] White wants to mate with Rf1+.} Rd6 80. e4 Rf6 (80... Bf7 $142 81. Rf1 Rf6) 81. Rf1 Bc6 82. Rxf6+ gxf6 {[%emt 0:00:00][%mdl 4096] Endgame KRB-KRB} 83. Bg6 Kg8 84. Bf5 Re8 85. d5 Bb5 86. Rxb7 Bd3 87. d6 {[%emt 0:00:00] And now Kf2 would win.} Bb5 88. d7 Rd8 89. Rc7 {[%emt 0:00:00] Threatening mate with Rc8.} Kf8 90. Rc8 Ke7 91. Rxd8 Kxd8 92. Kf2 Bxd7 93. Bxd7 {[%emt 0:00:00] White mates.} Kxd7 {[%emt 0:00:00] KP-KP} 94. Ke3 Kc6 95. Kf4 Kb5 96. Kf5 Kxa5 97. Kxf6 Kb4 98. e5 Kb3 99. e6 Kxb2 100. e7 a5 101. e8=Q {[%emt 0:00:00] Weighted Error Value: White=1.62/Black=0.60} 1-0

[Event "Bangabandhu Premier Div League 2022"]
[Site "Dhaka"]
[Date "2022.11.30"]
[Round "1.17"]
[White "Mendonca, Leon Luke"]
[Black "Nayem, Haque"]
[Result "1-0"]
[ECO "D38"]
[WhiteElo "2565"]
[BlackElo "2189"]
[Annotator "TA"]
[PlyCount "136"]
[EventDate "2022.11.30"]
[EventType "team-tourn"]
[EventCountry "BAN"]
[SourceTitle "playchess.com"]
[Source "ChessBase"]
[SourceQuality "1"]
[TimeControl "40/5400+30:1800+30"]

1. d4 Nf6 2. c4 e6 3. Nf3 d5 4. Nc3 Bb4 5. Qa4+ Nc6 6. a3 Be7 7. e3 O-O 8. Qc2 a6 9. Bd2 dxc4 10. Bxc4 Bd6 11. Bf1 Be7 12. Bc4 Bd6 13. Bf1 Be7 14. Bc4 Bd6 15. Bf1 Be7 16. Bc4 Bd6 17. Bf1 Be7 18. Bc4 Bd6 19. O-O e5 {[%emt 0:00:30] [#] D38: Queen's Gambit Declined: Ragozin Defence (4 Nf3 Bb4).} 20. dxe5 $146 ({Predecessor:} 20. d5 Ne7 21. h3 Bf5 22. e4 Bd7 23. Rfd1 Ng6 24. Bf1 Nh5 25. Bg5 Qc8 26. Be3 f5 27. Rac1 f4 28. Bd2 Qd8 29. Be2 Nh4 30. Na2 Nxf3+ 31. Bxf3 Qg5 32. Kf1 a5 33. Qd3 b5 34. b4 {1-0 (42) Karpov,A (2668)-Vescovi,G (2592) Guarulhos 2006}) 20... Nxe5 21. Nxe5 Bxe5 {[%emt 0:00:00] White has an edge.} 22. h3 Qe7 23. f4 Bxc3 24. Bxc3 ({Reject} 24. bxc3 Bd7 25. Be2 Bc6 $17) ({Much worse is} 24. Qxc3 b5 25. Bd3 Bb7 $15) 24... Qxe3+ 25. Kh2 Qe4 {[%emt 0:00:00] Against Rae1} 26. Bd3 {[%emt 0:00:00][%mdl 1024] White has strong compensation. A strong pair of Bishops.} Qc6 27. Rf3 Qe4 $2 28. Rff1 $2 ({Only move:} 28. Bxe4 $18 {White wants to mate with Bxf6.} Nxe4 29. Qxe4) 28... Qc6 $14 29. Rf3 $2 (29. Rac1 $14) 29... Qe4 $1 $18 30. Rff1 $2 (30. Bxe4 $18 {and the rest is easy. Intending Bxf6 and mate.} Ne8 31. Bb4) 30... Qc6 $16 31. Rf3 $2 (31. Rac1 $16) 31... Qe4 $1 $18 32. Rff1 $2 (32. Bxe4 $18 Nh5 33. g4) 32... Qc6 $14 33. Rf3 $2 (33. Rac1 $14) 33... Qe4 $1 $18 34. Rff1 $2 (34. Bxe4 $18 Nxe4 35. Qxe4) 34... Qc6 $14 35. Rf3 (35. Rac1 $14) 35... h6 (35... Qe4 $1 $11) 36. Re1 $1 $16 Rd8 (36... Re8 $16) 37. Qf2 Rf8 $2 (37... b5 $16) 38. Qc2 (38. Rg3 $142) 38... Rd8 $18 39. Qf2 $2 (39. Rg3 $1) 39... Rf8 $1 40. Qc2 (40. Rg3 $142) 40... Rd8 41. Qf2 $2 (41. Rg3 $1) 41... Rf8 $1 42. Qc2 $2 (42. Rg3 $18) 42... Rd8 $16 43. Qf2 ({Better is} 43. Rg3 $1 $16 Nh5 44. Be4) 43... a5 $2 (43... Rf8 $1 $11 {and Black is okay.}) 44. Qh4 $18 Kf8 45. Qf2 Kg8 $1 46. Qh4 Kf8 $1 47. Qf2 Kg8 $1 48. Qh4 Kf8 $1 49. Qf2 Kg8 $1 50. Qh4 Kf8 $1 51. Qf2 Kg8 $1 52. Qh4 Kf8 $1 53. Qf2 Kg8 $1 54. Qh4 Kf8 $1 55. Qf2 Kg8 $1 56. Qh4 Kf8 $1 57. Qf2 Kg8 $1 58. Qh4 (58. Rfe3 $142 {Bxf6 is the strong threat.} Bd7 59. Qg3) 58... Kf8 $1 59. Qf2 Kg8 $1 60. Qh4 Kf8 $1 61. Rg3 Kg8 $2 (61... Rd6 $18 62. Be5 Bd7) 62. Rf3 $2 (62. Bxf6 g6 63. Bxg6 Bg4 64. Qxh6 Qxf6 65. Bh7+ Kh8 66. Qxf6+ Kxh7 67. Rxg4 Rh8 68. Qh4#) 62... Kf8 $1 {[%emt 0:02:34] [#]} 63. Rg3 $2 (63. Be4 $1 $18 Qb6 64. Be5) 63... Kg8 $1 64. Rf3 $2 (64. Bxf6 {mates} Bg4 65. Rxg4 g6 66. Bxg6 Qxg2+ 67. Rxg2 Rd2 68. Qxh6 Rxg2+ 69. Kxg2 fxg6 70. Qg7#) 64... Kf8 $1 $16 65. Rg3 $40 {[%mdl 128] White is up to no good. White is more active.} (65. Be5 $16) 65... Bd7 $2 (65... Kg8 $11 66. Bxf6 g6 67. Bxg6 Bg4 68. Qxh6 Qxf6 69. Bh7+ Kh8 70. Qxf6+ Kxh7 71. Rxg4 Rh8 72. Qh4#) 66. Rf3 $2 (66. Ree3 $18 {[%cal Og3g7] is more deadly. Black must now prevent Rxg7!} Bg4 67. hxg4 Rxd3 68. Rxd3) 66... Bc8 $1 67. Rg3 (67. Be5 $16) 67... Bd7 $2 (67... Kg8 $11 68. Bxf6 g6 69. Bxg6 Bg4 70. Qxh6 Qxf6 71. Bh7+ Kh8 72. Qxf6+ Kxh7 73. Rxg4 Rh8 74. Qh4#) 68. Bxf6 (68. Ree3 $142 {[%cal Og3g7] And now Rxg7! would win.} Bxh3 {[#]} 69. Rxg7 $3 Rxd3 70. Rxd3) 68... Qxf6 {[%emt 0:00:26] Weighted Error Value: White=1.80/Black=0.17 (very precise)} 1-0

[Event "Bangabandhu Premier Div League 2022"]
[Site "Dhaka"]
[Date "2022.11.30"]
[Round "1.18"]
[White "Mendonca, Leon Luke"]
[Black "Nayem, Haque"]
[Result "*"]
[WhiteElo "2565"]
[BlackElo "2189"]
[Annotator "TA"]
[PlyCount "33"]
[EventDate "2022.11.30"]
[EventType "team-tourn"]
[EventCountry "BAN"]
[SourceTitle "playchess.com"]
[Source "ChessBase"]
[SourceQuality "1"]
[TimeControl "40/5400+30:1800+30"]

1. e4 e5 2. Nf3 Nc6 3. Bb5 {[%emt 0:00:02] [#] A rather calm draw.} {Predecessor:} Nf6 $146 4. O-O Nxe4 5. Re1 Nd6 6. Nxe5 {C67: Ruy Lopez: Berlin Defence: 4 0-0 Nxe4.} Be7 7. Bf1 Nxe5 8. Rxe5 O-O 9. Nc3 Bf6 10. Re1 Re8 11. Nd5 Rxe1 12. Nxf6+ Qxf6 13. Qxe1 b6 14. d3 Bb7 15. Qb4 c5 16. Qf4 Qxf4 17. Bxf4 {½-½ (41) Giri,A (2764)-So,W (2760) chess24.com INT 2022} *

[Event "Bangabandhu Premier Div League 2022"]
[Site "Dhaka"]
[Date "2022.11.30"]
[Round "1.18"]
[White "Abu Sufian, Shakil"]
[Black "Shawket Bin, Osman Shaon"]
[Result "1-0"]
[ECO "C60"]
[WhiteElo "2229"]
[BlackElo "2069"]
[Annotator "TA"]
[PlyCount "171"]
[EventDate "2022.11.30"]
[EventType "team-tourn"]
[EventCountry "BAN"]
[SourceTitle "playchess.com"]
[Source "ChessBase"]
[SourceQuality "1"]
[TimeControl "40/5400+30:1800+30"]

1. e4 e5 2. Nf3 Nc6 3. Bb5 g6 4. O-O Bg7 5. c3 Nge7 6. d4 a6 7. Ba4 O-O {[%emt 0:00:00] C60: Ruy Lopez: Unusual Black 3rd moves and 3...g6.} 8. d5 Nb8 {[#]} 9. d6 $1 Nec6 (9... cxd6 $142 10. Qxd6 Nbc6) 10. Bg5 $16 f6 11. Be3 Kh8 12. Bc1 {[%emt 0:00:00] White has more active pieces.} (12. c4 $16) 12... Kg8 (12... cxd6 $14 13. Qxd6 Na5) 13. Be3 Kh8 $1 14. Bc1 Kg8 $1 15. Be3 Kh8 $1 16. Bc1 Kg8 $1 17. Be3 Kh8 $1 18. Bc5 Re8 19. Bb3 $36 {[%emt 0:00:00][%mdl 2048] Keeping Black busy.} cxd6 20. Bxd6 ({Don't play} 20. Qxd6 $6 Bf8 21. Qd5 Bxc5 22. Qxc5 d6 $14) 20... Rf8 {[%emt 0:00:00] Inhibits Bf7.} (20... Ne7 $16 21. Nbd2 Nbc6) 21. Bc5 Re8 (21... Ne7 $16 22. Na3 d5) 22. Bd6 $2 ({White should try} 22. Bf7 $18) 22... Qb6 $2 (22... Rf8 $1 $11) 23. Na3 {[%emt 0:00:00] Black must now prevent Bf7.} Qd8 24. Nb1 $2 ({White should play} 24. Bf7 $18) 24... Qb6 $2 (24... Rf8 $11) 25. Na3 {[%emt 0:00:00] Threatens to win with Bf7.} Qd8 $1 26. Nb1 $2 {[#]} (26. Bf7 $18) 26... Qb6 $146 (26... Rf8 $11) ({Predecessor:} 26... Ne7 27. Nbd2 Nbc6 28. a4 Na5 29. Nc4 Nxc4 30. Bxc4 b6 31. Bf7 Rf8 32. Bd5 Ra7 33. Bb8 Rb7 34. Bd6 Ra7 35. Qb3 f5 36. Nxe5 Nxd5 37. Qxd5 Qf6 38. Bxf8 Bxf8 39. exf5 d6 40. Ng4 Qg5 41. Qd4+ Rg7 42. f6 Rf7 43. Qc4 {1-0 (31) Slobodjan,R (2525)-Reipsch,J (2240) Meisdorf 1996}) 27. Na3 $2 (27. Nh4 $18 Nd8 28. Na3) 27... Nd8 {[%emt 0:00:00][%mdl 8192] Inhibits Bf7.} (27... Qd8 $1 $11) 28. Nb1 ({But not} 28. Nc4 Qc6 29. Ba3 Bf8 30. Bxf8 Rxf8 $18) 28... Ndc6 $1 29. Na3 $2 (29. Bf7 $18 Re6 30. Na3) 29... Nd8 $2 (29... Qd8 $11) 30. Nb1 Ndc6 $1 31. Na3 $2 (31. Bf7 $18 Re6 32. Na3) 31... Nd8 $2 (31... Qd8 $11) 32. Nb1 ({Don't take} 32. Nc4 Qc6 33. Bb4 Bf8 34. Bxf8 Rxf8 $18) 32... Ndc6 $1 33. Na3 $2 (33. Bf7 $18 Re6 34. Na3) 33... Nd8 $2 (33... Qd8 $11) 34. Nc4 Ndc6 $2 (34... Qc6 35. Bb4 Bf8) 35. Na3 $2 ({Only move:} 35. Nxb6 $18 Ne7 36. Bxe7 Rxe7 37. Qd6) 35... Nd8 $2 (35... Qd8 $11 {and Black stays safe.}) 36. Nc4 $2 ({Better is} 36. h4 $18) 36... Qc6 $2 (36... Ndc6 $1 $11 {and Black is okay.} 37. Nxb6 Ra7) 37. Na3 Qb6 $1 38. Nc4 $2 (38. h4 $18) 38... Qc6 $2 (38... Ndc6 $11 39. Nxb6 Na5) 39. Na3 Qb6 $1 40. Nc4 Qc6 41. Na3 Qb6 $1 42. Nc4 Qc6 43. Qd5 {[%emt 0:06:32] [#] Strongly threatening Qxc6.} Qb6 (43... b5 $16) 44. Qd1 $2 (44. Nxb6 Nbc6 45. Nxa8) 44... Qc6 $18 45. Qd5 $2 (45. Ba3 $18) 45... Ne6 $2 (45... Qb6 $1 $11 46. Nxb6 Nbc6 47. Nxa8 Ne6) 46. Qxc6 Nxc6 47. Nb6 {[%emt 0:00:09] Inhibits b5.} Nb8 $2 (47... Ra7 48. Bxe6 dxe6) 48. Nc4 $2 (48. Nxa8 Nc6 49. Nb6) 48... Nc6 49. Nb6 $2 {Prevents b5.} (49. a4 $18) 49... Ra7 $2 (49... Nb8 $1 $11 50. Nxa8 Nc6) 50. Nc4 Ra8 $1 51. Nb6 {Inhibits b5.} Ra7 52. Nc4 Ra8 $1 53. Nb6 $2 {[%emt 0:02:10] Inhibits b5.} (53. a4 $18) 53... Ra7 $2 (53... Nb8 $11 54. Nxa8 Nc6) 54. Bxe6 dxe6 55. Bc5 Bf8 56. Bd6 Bg7 $4 (56... Bxd6 $19 57. Rfd1 Bc7 58. Nxc8 Rxc8) 57. Bc5 Bf8 58. Be3 a5 59. Nxc8 Rxc8 60. Bxa7 Nxa7 61. Rfd1 Nb5 62. Rd7 Nd6 63. Rd1 Nb5 $2 (63... Rc6 {is a better defense.} 64. Ne1 Kg8) 64. Ra1 Nd6 65. Rd1 $2 (65. a4) 65... Nb5 $1 66. Ra1 (66. Rf7 $142) 66... Nd6 67. Rd1 $2 (67. a4 $18) 67... Rc6 $2 (67... Nb5 $1 $11 68. g4 g5) 68. Ra1 Rc8 $1 69. Rd1 $2 (69. Nd2 $18) 69... Rc6 $2 (69... Nb5 $11 {and Black has nothing to worry.} 70. g4 g5) 70. Ra1 Rc8 $1 71. Rd1 $2 (71. Nd2 $18) 71... Rc6 $2 (71... Nb5 $11 72. g4 g5) 72. Nd2 Kg8 73. Nf3 Kh8 $1 74. Nd2 Kg8 $1 75. f3 a4 76. c4 f5 77. b3 axb3 78. axb3 b6 79. Ra1 b5 $2 (79... Rc8 80. Raa7 Ne8) 80. Ra8 bxc4 81. Nxc4 Rc8 82. Nd2 $4 Rc6 $4 (82... Rxa8 $19 83. Kf1 Ra2) 83. Nc4 Rc8 $1 84. Rxc8 {[%emt 0:00:00] White is clearly winning.} Nxc8 85. Rd8 Ne7 86. Nxe5 {[%emt 0:00:00] Weighted Error Value: White=1.77/Black=0.72} 1-0

[Event "Bangabandhu Premier Div League 2022"]
[Site "Dhaka"]
[Date "2022.11.30"]
[Round "1.19"]
[White "Ghosh, Diptayan"]
[Black "Iniyan, P."]
[Result "1-0"]
[ECO "D02"]
[WhiteElo "2544"]
[BlackElo "2534"]
[Annotator "TA"]
[PlyCount "293"]
[EventDate "2022.11.30"]
[EventType "team-tourn"]
[EventCountry "BAN"]
[SourceTitle "playchess.com"]
[Source "ChessBase"]
[SourceQuality "1"]
[TimeControl "40/5400+30:1800+30"]

1. d4 d5 2. Nf3 Nf6 3. c3 c5 4. dxc5 a5 5. e4 e6 6. exd5 Nxd5 7. Bb5+ Bd7 8. Qe2 Bxc5 9. Ne5 O-O 10. Nxd7 Nxd7 11. O-O N7f6 12. a4 h6 13. Nd2 Qc7 14. Nb1 Qd8 15. Nd2 Qc7 16. Nf3 Qd8 17. Nd2 Qc7 18. Nf3 Qd8 19. Nd2 Qc7 20. Nf3 Qd8 21. Nd2 Qc7 22. Nf3 Rfd8 23. g3 Rac8 24. Bd2 Bd6 25. Bc1 Bc5 26. Bd2 Bd6 27. Bc1 Bc5 28. Bd2 Bd6 29. Rae1 Bc5 30. Ra1 Bd6 31. Rae1 Qb6 32. Ne5 Qc7 33. Nf3 Qb6 34. Ne5 Qc7 35. Nf3 Qb6 36. Ne5 Bxe5 37. Qxe5 Nc7 38. Qe2 Ncd5 39. Qe5 Nc7 40. Be3 Qd6 41. Bd2 Qb6 42. Be3 Qd6 43. Qxd6 Rxd6 44. Be2 Rdd8 45. Bb5 Rd6 46. Be2 Rdd8 47. Bb5 Rd6 48. Be2 Rdd8 49. Bb5 Rd6 50. Be2 Rdd8 51. Bb5 Rd6 52. Be2 Rdd8 53. Bb5 Rd6 54. Be2 Ncd5 55. Bb5 Nc7 56. Be2 Ncd5 57. Bb5 Nc7 58. Be2 Ncd5 59. Bc1 Nd7 60. Rd1 N7b6 61. Rde1 Nd7 62. Rd1 N7b6 63. Rde1 Nd7 64. Rd1 N7b6 65. Rd4 Nd7 66. Rdd1 N7b6 67. Rd4 Nd7 68. Rdd1 N7b6 69. Rd4 Nd7 70. Rdd1 N7b6 71. Rd4 Rcd8 72. Rdd1 Rc8 73. Rd4 Rcd8 74. Rfd1 Rc8 75. Rf1 Rcd8 76. Rfd1 Rc8 77. Rf1 Rcd8 78. Rfd1 $2 (78. c4 $1 $18) 78... Nc8 (78... Rc8 $1 $11) 79. Rf1 $2 (79. Bf3 $16) 79... Ncb6 $18 80. Rfd1 $2 (80. c4 $1 $18) 80... Nc8 (80... Rc8 $11 {keeps the balance.}) 81. Rf1 $2 (81. Bf3 $16) 81... Ncb6 $18 82. Rfd1 $2 ({White must play} 82. c4 $1 $18) 82... Nc8 (82... Rc8 $11) 83. Bf3 $16 b6 84. R1d3 Nde7 85. Rxd6 $1 Rxd6 86. Rxd6 Nxd6 87. b3 f6 (87... Kf8 $142) 88. Be3 Nec8 89. Kf1 Ne7 $2 (89... Kf7 $16 {is tougher.}) 90. Kg1 $2 (90. Bxb6 $18 {and the rest is easy.} e5 91. Bxa5) 90... Nec8 $16 91. Kf1 (91. Bg2 $16) 91... Kf7 (91... Ne7 $1 $11) 92. Ke2 $16 Ke7 93. Kd3 Kf7 (93... Nf7 $16) 94. Ke2 (94. c4 $18) 94... Ke7 $1 $16 95. Kd3 ({Better is} 95. Bg4 $16) 95... Kd7 (95... Kf7 $1 $11 {remains equal.}) 96. Ke2 Ke7 $1 97. Kd3 Kd7 98. b4 Kc7 ({Black should try} 98... Nf7) 99. bxa5 $16 bxa5 100. c4 $1 Nb7 101. c5 $1 Ne7 $2 (101... Nd8 102. Bd2 Nc6) 102. Kc4 $18 Nc6 103. Kd3 $2 (103. Bg2 $18) 103... Ne7 $2 (103... Ne5+ $15 {stays ahead.} 104. Ke4 Nxf3 105. Kxf3 Kc6) 104. Kc4 Nc6 $1 105. Kd3 $2 (105. Bg2 $18) 105... Ne7 $2 (105... Ne5+ $15 106. Ke4 Nxf3 107. Kxf3 Kc6) 106. Kc4 Nc6 $1 107. Kd3 $2 (107. Bg2 $18) 107... Ne7 $2 (107... Ne5+ $15 {keeps the upper hand.} 108. Ke4 Nxf3 109. Kxf3 Kc6) 108. Kc4 Nc6 $1 109. Kd3 $2 (109. Bg2 $18) 109... Ne7 $2 (109... Ne5+ $11 110. Ke4 Nxf3 111. Kxf3 Kc6) 110. Kc4 Nc6 $1 111. Kb5 Na7+ 112. Ka6 $1 Nc6 113. Kb5 $2 (113. Bg2 $18) 113... Na7+ $1 $11 114. Ka6 $2 (114. Kc4 $11) 114... Nc6 $18 115. Bg2 Ne7 $2 (115... Nbd8 116. Bd2 Nb7) 116. Bf3 $2 (116. Bxb7 e5 117. Bg2) 116... Nc6 $1 $18 117. Bg2 $2 (117. g4 $18) 117... e5 $2 (117... Ne7 $1 $11 {and Black stays safe.}) 118. g4 $18 Nbd8 119. Kb5 Nd4+ 120. Bxd4 ({Less strong is} 120. Kxa5 N8c6+ 121. Bxc6 (121. Ka6 Nb4+ 122. Ka5 Nd3 $16) 121... Nxc6+ 122. Kb5 Ne7 $18) 120... exd4 121. Kc4 ({Not} 121. Kxa5 d3 122. Kb4 d2 $16) 121... Ne6 122. Be4 $1 h5 (122... Nf4 $142 123. Kxd4 Nh3) 123. gxh5 $18 Nf4 124. h6 gxh6 125. Kxd4 Ne2+ 126. Kc4 Nf4 127. Kd4 (127. Kb5 $142 Ne6 128. Bd5) 127... Ne2+ $1 $18 128. Kc4 (128. Kd3 $142 Nf4+ 129. Kc4) 128... Nf4 $18 129. Kb5 Ne6 130. Bd5 Nf4 131. Bc4 Nh3 132. f3 Ng1 133. Bd5 Ne2 134. Kxa5 Nc3 135. Ba8 Kb8 136. Be4 Kc7 137. Ba8 (137. Kb4 $142 Ne2 138. a5 Kb8 139. Kb5 Nc3+ 140. Kb6 Na4+ 141. Kc6 Kc8 142. Kd6) 137... Kb8 $1 $18 138. Be4 (138. Kb4 $18 Na2+ 139. Ka3) 138... Kc7 $1 139. Kb4 Ne2 140. Ka5 (140. a5 $142 Kb8 141. Kb5 Nc3+ 142. Kc6 h5 143. Bd3 Na2 144. Kd6 Nb4 145. c6 $1 Nxd3 146. c7+ Kb7 147. a6+ Kxa6 148. c8=Q+ (148. c8=B+ Kb6 $18) 148... Kb5 149. Qf5+ Kc4 150. Qxf6) 140... Nc3 $1 $18 141. Kb4 (141. Bd3 $18 Nd5 142. Be4) 141... Ne2 $1 142. Ka5 (142. a5 $142 Kb8 143. Kb5 Nc3+ 144. Kc6 Ka7 145. Bd3 Nd1 146. Kd6 Nf2 {[#]} 147. c6 $1 Nxd3 148. c7) 142... Nc3 $1 $18 143. Kb4 (143. Bd3 $18 Nd5 144. Be4) 143... Ne2 $1 144. Ka5 (144. Kc4 $142 Kb8 145. a5 Nf4 146. Kb5 f5 147. Bxf5 Ne2 148. Be4 Nc3+ 149. Kc4) 144... Nc3 $1 $18 145. Kb4 (145. Bd3 $18 Nd5 146. Be4) 145... Ne2 $1 146. Ka5 (146. Kc4 $142 Nf4 147. a5 f5 148. Bxf5 Nh5 149. Be4 Nf6 150. Kb5 Ne8 151. a6) 146... Nc3 $1 $18 147. Kb4 $2 ({White should play} 147. Bd3 $18 Nd5 148. Be4) 1-0